[ AOE2 MATCH · #494010978 ]
UnrankedKoreans vs Tupi
Player's team · LOSS
Rival team · WIN
[ REPLAY ANALYSIS · EXTRACTED FROM THE RECORDED GAME ]
Feudal
8:59
Castle
24:57
Imperial
—
| APM avg | 44.7 |
| APM peak | 73 |
| eAPM avg | 19.1 |
| Villagers / military | 46 / 0 |
Focus
⚔️ 45.0% · 🌾 55.0%
Feudal
9:47
Castle
21:49
Imperial
—
| APM avg | 43.0 |
| APM peak | 73 |
| eAPM avg | 20.7 |
| Villagers / military | 106 / 1 |
Focus
⚔️ 36.4% · 🌾 63.6%
Unknown (2550) ×53 · Battering Ram ×1
Match map
Initial resources + every placement click. Lines = walls · curves = elevation contours. ◆ gold · ⬟ stone · ● berries · ✦ relic · ◌ wall gap
Your base· Open — unwalled flank
Taco_man's base· Open — unwalled flank
Smoothed initial terrain · ◌ = detected wall gap · hover for details
Inputs per minute
— AxD | Keiokenkun-Uno-Puro - - Taco_man
Build order — AxD | Keiokenkun-Uno-Puro
First 150 of 152 actions detected
| 0:02 | Create | Villager (Male) |
| 0:02 | Create | Villager (Male) |
| 0:02 | Create | Villager (Male) |
| 0:03 | Build | House |
| 0:05 | Build | House |
| 0:12 | Create | Villager (Male) |
| 1:29 | Create | Villager (Male) |
| 1:40 | Create | Villager (Male) |
| 2:15 | Create | Villager (Male) |
| 2:20 | Build | Lumber Camp |
| 2:54 | Create | Villager (Male) |
| 3:23 | Create | Villager (Male) |
| 3:48 | Create | Villager (Male) |
| 4:00 | Build | House |
| 4:02 | Create | Villager (Male) |
| 4:26 | Create | Villager (Male) |
| 5:02 | Create | Villager (Male) |
| 5:05 | Build | Mining Camp |
| 5:22 | Create | Villager (Male) |
| 5:23 | Research | Loom |
| 6:49 | Research | Feudal Age |
| 8:00 | Build | House |
| 8:01 | Build | Palisade Wall |
| 8:56 | Create | Villager (Male) |
| 8:59 | Age | Feudal Age |
| 9:01 | Build | Mill |
| 9:04 | Build | Watch Tower |
| 9:13 | Build | Watch Tower |
| 9:25 | Create | Villager (Male) |
| 9:38 | Create | Villager (Male) |
| 9:43 | Build | Palisade Wall |
| 9:46 | Build | Palisade Wall |
| 9:54 | Create | Villager (Male) |
| 10:05 | Build | Palisade Wall |
| 10:05 | Build | Palisade Wall |
| 10:19 | Build | Watch Tower |
| 10:21 | Create | Villager (Male) |
| 10:33 | Build | House |
| 10:38 | Build | Palisade Wall |
| 10:39 | Build | Palisade Wall |
| 10:39 | Build | Palisade Wall |
| 10:41 | Build | Palisade Wall |
| 10:47 | Create | Villager (Male) |
| 10:49 | Build | House |
| 11:07 | Build | Palisade Wall |
| 11:08 | Build | Palisade Wall |
| 11:09 | Build | Palisade Wall |
| 11:16 | Build | Palisade Wall |
| 11:17 | Build | Palisade Wall |
| 11:18 | Build | Palisade Wall |
| 11:27 | Build | Farm |
| 11:35 | Build | Palisade Wall |
| 11:37 | Build | Palisade Wall |
| 11:38 | Build | Palisade Wall |
| 12:01 | Build | Palisade Wall |
| 12:02 | Build | Palisade Wall |
| 12:06 | Build | Palisade Wall |
| 12:07 | Build | Palisade Wall |
| 12:18 | Create | Villager (Male) |
| 12:18 | Create | Villager (Male) |
| 12:20 | Build | Palisade Wall |
| 12:22 | Build | Watch Tower |
| 12:33 | Create | Villager (Male) |
| 13:19 | Create | Villager (Male) |
| 13:47 | Create | Villager (Male) |
| 13:51 | Build | Farm |
| 13:51 | Build | Farm |
| 13:51 | Build | Farm |
| 13:52 | Build | Farm |
| 14:22 | Build | Watch Tower |
| 14:32 | Create | Villager (Male) |
| 14:33 | Build | Farm |
| 14:33 | Build | Farm |
| 14:34 | Build | Farm |
| 14:47 | Build | Palisade Wall |
| 14:49 | Build | Palisade Wall |
| 14:50 | Build | Palisade Wall |
| 14:52 | Build | Palisade Wall |
| 15:00 | Build | House |
| 15:06 | Build | Watch Tower |
| 15:36 | Build | Palisade Wall |
| 15:44 | Create | Villager (Male) |
| 15:56 | Create | Villager (Male) |
| 16:00 | Build | Farm |
| 16:02 | Build | Farm |
| 16:04 | Build | Farm |
| 16:11 | Build | Palisade Wall |
| 16:24 | Build | Palisade Wall |
| 16:25 | Build | Palisade Wall |
| 16:29 | Create | Villager (Male) |
| 16:35 | Build | Palisade Wall |
| 16:42 | Create | Villager (Male) |
| 16:54 | Create | Villager (Male) |
| 17:06 | Build | Palisade Wall |
| 17:07 | Build | Palisade Wall |
| 17:08 | Build | Palisade Wall |
| 17:08 | Build | Palisade Wall |
| 17:10 | Build | Palisade Wall |
| 17:15 | Create | Villager (Male) |
| 17:28 | Create | Villager (Male) |
| 17:38 | Build | Palisade Wall |
| 17:52 | Build | Mining Camp |
| 18:08 | Create | Villager (Male) |
| 18:21 | Build | Watch Tower |
| 18:25 | Build | Palisade Wall |
| 18:27 | Build | Palisade Wall |
| 18:29 | Build | Palisade Wall |
| 18:34 | Create | Villager (Male) |
| 18:40 | Create | Villager (Male) |
| 18:45 | Research | Double-Bit Axe |
| 18:57 | Research | Town Watch |
| 19:01 | Build | Palisade Wall |
| 19:02 | Build | Palisade Wall |
| 19:12 | Create | Villager (Male) |
| 19:23 | Build | Palisade Wall |
| 19:40 | Build | Watch Tower |
| 19:56 | Build | Palisade Wall |
| 19:56 | Create | Villager (Male) |
| 20:00 | Build | Palisade Wall |
| 20:00 | Build | Palisade Wall |
| 20:15 | Build | Farm |
| 20:20 | Create | Villager (Male) |
| 20:37 | Build | Palisade Wall |
| 20:49 | Build | Market |
| 20:52 | Create | Villager (Male) |
| 20:57 | Build | Palisade Wall |
| 20:58 | Build | Palisade Wall |
| 21:00 | Build | Palisade Wall |
| 21:01 | Build | Palisade Wall |
| 21:12 | Build | Palisade Wall |
| 21:18 | Build | Palisade Wall |
| 21:19 | Build | Palisade Wall |
| 21:42 | Create | Villager (Male) |
| 21:47 | Build | Blacksmith |
| 22:17 | Research | Castle Age |
| 22:24 | Build | Watch Tower |
| 22:32 | Build | Farm |
| 23:23 | Build | Palisade Wall |
| 23:33 | Build | Watch Tower |
| 23:38 | Create | Villager (Male) |
| 24:16 | Create | Villager (Male) |
| 24:19 | Create | Villager (Male) |
| 24:35 | Build | House |
| 24:40 | Build | House |
| 24:44 | Build | House |
| 24:46 | Build | House |
| 24:49 | Build | House |
| 24:56 | Research | Scale Barding Armor |
| 24:57 | Age | Castle Age |
| 25:00 | Create | Villager (Male) |
Build order — Taco_man
First 150 of 210 actions detected
| 0:00 | Create | Villager (Male) |
| 0:00 | Create | Villager (Male) |
| 0:02 | Build | House |
| 0:03 | Build | House |
| 0:05 | Create | Villager (Male) |
| 0:06 | Create | Villager (Male) |
| 0:06 | Create | Villager (Male) |
| 1:06 | Create | Villager (Male) |
| 1:06 | Create | Villager (Male) |
| 1:31 | Create | Villager (Male) |
| 1:31 | Create | Villager (Male) |
| 1:49 | Build | Settlement |
| 2:04 | Create | Villager (Male) |
| 2:04 | Create | Villager (Male) |
| 2:19 | Create | Villager (Male) |
| 2:19 | Create | Villager (Male) |
| 2:48 | Create | Villager (Male) |
| 2:48 | Create | Villager (Male) |
| 3:40 | Create | Villager (Male) |
| 3:40 | Create | Villager (Male) |
| 3:40 | Create | Villager (Male) |
| 4:36 | Create | Villager (Male) |
| 4:36 | Create | Villager (Male) |
| 4:39 | Build | Settlement |
| 4:41 | Create | Villager (Male) |
| 4:43 | Create | Villager (Male) |
| 4:44 | Create | Villager (Male) |
| 5:42 | Create | Villager (Male) |
| 5:51 | Create | Villager (Male) |
| 5:51 | Create | Villager (Male) |
| 6:04 | Build | Barracks |
| 6:31 | Create | Villager (Male) |
| 6:38 | Create | Villager (Male) |
| 6:48 | Build | Outpost |
| 6:50 | Create | Villager (Male) |
| 7:02 | Research | Loom |
| 7:11 | Create | Unit 2550 |
| 7:37 | Research | Feudal Age |
| 7:37 | Research | Feudal Age |
| 7:51 | Build | Outpost |
| 8:09 | Create | Villager (Male) |
| 8:15 | Build | Settlement |
| 8:16 | Create | Villager (Male) |
| 8:21 | Create | Unit 2550 |
| 8:22 | Create | Unit 2550 |
| 8:33 | Create | Unit 2550 |
| 8:39 | Create | Villager (Male) |
| 9:04 | Create | Villager (Male) |
| 9:05 | Create | Villager (Male) |
| 9:11 | Create | Villager (Male) |
| 9:34 | Create | Villager (Male) |
| 9:47 | Age | Feudal Age |
| 9:53 | Research | Tech 1402 |
| 9:57 | Create | Villager (Male) |
| 10:15 | Build | Settlement |
| 10:15 | Create | Villager (Male) |
| 10:23 | Create | Villager (Male) |
| 10:25 | Create | Villager (Male) |
| 10:29 | Create | Villager (Male) |
| 10:35 | Create | Unit 2550 |
| 10:48 | Create | Villager (Male) |
| 10:49 | Create | Villager (Male) |
| 10:55 | Build | Outpost |
| 11:02 | Build | Farm |
| 11:03 | Build | Farm |
| 11:17 | Create | Villager (Male) |
| 11:29 | Create | Villager (Male) |
| 11:43 | Create | Villager (Male) |
| 12:26 | Create | Villager (Male) |
| 12:27 | Create | Unit 2550 |
| 12:41 | Create | Villager (Male) |
| 12:47 | Build | Farm |
| 12:49 | Build | Farm |
| 12:52 | Build | Farm |
| 12:53 | Build | Farm |
| 12:53 | Create | Villager (Male) |
| 13:05 | Research | Wheelbarrow |
| 13:52 | Create | Villager (Male) |
| 14:02 | Create | Unit 2550 |
| 14:02 | Create | Unit 2550 |
| 14:07 | Create | Villager (Male) |
| 14:20 | Create | Villager (Male) |
| 14:22 | Create | Villager (Male) |
| 14:24 | Build | Farm |
| 14:25 | Build | Farm |
| 14:25 | Build | Farm |
| 14:26 | Create | Villager (Male) |
| 14:31 | Create | Villager (Male) |
| 14:33 | Create | Villager (Male) |
| 14:43 | Create | Villager (Male) |
| 14:49 | Build | Farm |
| 15:05 | Create | Villager (Male) |
| 15:07 | Create | Villager (Male) |
| 15:09 | Create | Villager (Male) |
| 15:12 | Create | Villager (Male) |
| 15:14 | Build | Farm |
| 15:14 | Build | Farm |
| 15:14 | Build | Farm |
| 15:15 | Build | Farm |
| 15:30 | Create | Villager (Male) |
| 15:38 | Create | Villager (Male) |
| 15:42 | Create | Villager (Male) |
| 15:48 | Create | Villager (Male) |
| 15:58 | Create | Villager (Male) |
| 16:00 | Create | Villager (Male) |
| 16:05 | Build | House |
| 16:07 | Build | Farm |
| 16:15 | Build | Settlement |
| 16:31 | Create | Villager (Male) |
| 16:33 | Create | Villager (Male) |
| 16:38 | Create | Villager (Male) |
| 16:40 | Create | Villager (Male) |
| 17:06 | Create | Villager (Male) |
| 17:12 | Build | Outpost |
| 17:14 | Create | Villager (Male) |
| 17:22 | Create | Villager (Male) |
| 17:30 | Create | Villager (Male) |
| 17:34 | Build | Farm |
| 17:39 | Create | Villager (Male) |
| 17:49 | Build | Market |
| 17:50 | Create | Villager (Male) |
| 17:54 | Create | Villager (Male) |
| 18:00 | Create | Villager (Male) |
| 18:37 | Build | Blacksmith |
| 18:41 | Create | Villager (Male) |
| 18:46 | Create | Villager (Male) |
| 19:09 | Research | Castle Age |
| 19:10 | Research | Castle Age |
| 19:13 | Create | Unit 2550 ×5 |
| 19:24 | Build | Barracks |
| 19:27 | Create | Unit 2550 |
| 19:28 | Create | Unit 2550 |
| 19:35 | Research | Scale Mail Armor |
| 19:39 | Create | Villager (Male) |
| 19:40 | Research | Forging |
| 19:44 | Create | Villager (Male) |
| 19:53 | Research | Double-Bit Axe |
| 19:55 | Research | Gold Mining |
| 20:08 | Create | Unit 2550 ×5 |
| 20:12 | Create | Villager (Male) |
| 20:12 | Create | Villager (Male) |
| 20:14 | Create | Unit 2550 |
| 20:20 | Create | Unit 2550 |
| 20:21 | Create | Unit 2550 |
| 20:32 | Create | Unit 2550 |
| 20:32 | Create | Unit 2550 |
| 20:51 | Create | Unit 2550 |
| 20:52 | Create | Unit 2550 |
| 20:55 | Create | Villager (Male) |
| 20:55 | Create | Villager (Male) |
Match timeline
| 6:04 | Taco_man · first_building Barracks |
| 8:01 | AxD | Keiokenkun-Uno-Puro · wall_segment Palisade Wall x1 |
| 8:59 | AxD | Keiokenkun-Uno-Puro · age_up feudal |
| 9:43 | AxD | Keiokenkun-Uno-Puro · wall_segment Palisade Wall x5 |
| 9:46 | AxD | Keiokenkun-Uno-Puro · wall_segment Palisade Wall x6 |
| 9:47 | Taco_man · age_up feudal |
| 10:05 | AxD | Keiokenkun-Uno-Puro · wall_segment Palisade Wall x1 |
| 10:05 | AxD | Keiokenkun-Uno-Puro · wall_segment Palisade Wall x1 |
| 10:38 | AxD | Keiokenkun-Uno-Puro · wall_segment Palisade Wall x1 |
| 10:39 | AxD | Keiokenkun-Uno-Puro · wall_segment Palisade Wall x1 |
| 10:39 | AxD | Keiokenkun-Uno-Puro · wall_segment Palisade Wall x1 |
| 10:41 | AxD | Keiokenkun-Uno-Puro · wall_segment Palisade Wall x1 |
| 11:07 | AxD | Keiokenkun-Uno-Puro · wall_segment Palisade Wall x1 |
| 11:08 | AxD | Keiokenkun-Uno-Puro · wall_segment Palisade Wall x1 |
| 11:09 | AxD | Keiokenkun-Uno-Puro · wall_segment Palisade Wall x1 |
| 11:16 | AxD | Keiokenkun-Uno-Puro · wall_segment Palisade Wall x1 |
| 11:17 | AxD | Keiokenkun-Uno-Puro · wall_segment Palisade Wall x1 |
| 11:18 | AxD | Keiokenkun-Uno-Puro · wall_segment Palisade Wall x1 |
| 11:35 | AxD | Keiokenkun-Uno-Puro · wall_segment Palisade Wall x1 |
| 11:37 | AxD | Keiokenkun-Uno-Puro · wall_segment Palisade Wall x1 |
| 11:38 | AxD | Keiokenkun-Uno-Puro · wall_segment Palisade Wall x1 |
| 12:01 | AxD | Keiokenkun-Uno-Puro · wall_segment Palisade Wall x1 |
| 12:02 | AxD | Keiokenkun-Uno-Puro · wall_segment Palisade Wall x1 |
| 12:06 | AxD | Keiokenkun-Uno-Puro · wall_segment Palisade Wall x1 |
| 12:07 | AxD | Keiokenkun-Uno-Puro · wall_segment Palisade Wall x1 |
| 12:20 | AxD | Keiokenkun-Uno-Puro · wall_segment Palisade Wall x1 |
| 14:47 | AxD | Keiokenkun-Uno-Puro · wall_segment Palisade Wall x1 |
| 14:49 | AxD | Keiokenkun-Uno-Puro · wall_segment Palisade Wall x1 |
| 14:50 | AxD | Keiokenkun-Uno-Puro · wall_segment Palisade Wall x1 |
| 14:52 | AxD | Keiokenkun-Uno-Puro · wall_segment Palisade Wall x1 |
| 15:36 | AxD | Keiokenkun-Uno-Puro · wall_segment Palisade Wall x1 |
| 16:11 | AxD | Keiokenkun-Uno-Puro · wall_segment Palisade Wall x1 |
| 16:24 | AxD | Keiokenkun-Uno-Puro · wall_segment Palisade Wall x1 |
| 16:25 | AxD | Keiokenkun-Uno-Puro · wall_segment Palisade Wall x1 |
| 16:35 | AxD | Keiokenkun-Uno-Puro · wall_segment Palisade Wall x1 |
| 17:06 | AxD | Keiokenkun-Uno-Puro · wall_segment Palisade Wall x1 |
| 17:07 | AxD | Keiokenkun-Uno-Puro · wall_segment Palisade Wall x1 |
| 17:08 | AxD | Keiokenkun-Uno-Puro · wall_segment Palisade Wall x1 |
| 17:08 | AxD | Keiokenkun-Uno-Puro · wall_segment Palisade Wall x1 |
| 17:10 | AxD | Keiokenkun-Uno-Puro · wall_segment Palisade Wall x1 |
| 17:38 | AxD | Keiokenkun-Uno-Puro · wall_segment Palisade Wall x1 |
| 18:25 | AxD | Keiokenkun-Uno-Puro · wall_segment Palisade Wall x1 |
| 18:27 | AxD | Keiokenkun-Uno-Puro · wall_segment Palisade Wall x2 |
| 18:29 | AxD | Keiokenkun-Uno-Puro · wall_segment Palisade Wall x1 |
| 19:01 | AxD | Keiokenkun-Uno-Puro · wall_segment Palisade Wall x1 |
| 19:02 | AxD | Keiokenkun-Uno-Puro · wall_segment Palisade Wall x1 |
| 19:23 | AxD | Keiokenkun-Uno-Puro · wall_segment Palisade Wall x1 |
| 19:51 | Taco_man · first_market_buy 100 wood |
| 19:56 | AxD | Keiokenkun-Uno-Puro · wall_segment Palisade Wall x1 |
| 20:00 | AxD | Keiokenkun-Uno-Puro · wall_segment Palisade Wall x1 |
| 20:00 | AxD | Keiokenkun-Uno-Puro · wall_segment Palisade Wall x1 |
| 20:37 | AxD | Keiokenkun-Uno-Puro · wall_segment Palisade Wall x1 |
| 20:57 | AxD | Keiokenkun-Uno-Puro · wall_segment Palisade Wall x1 |
| 20:58 | AxD | Keiokenkun-Uno-Puro · wall_segment Palisade Wall x1 |
| 21:00 | AxD | Keiokenkun-Uno-Puro · wall_segment Palisade Wall x1 |
| 21:01 | AxD | Keiokenkun-Uno-Puro · wall_segment Palisade Wall x1 |
| 21:12 | AxD | Keiokenkun-Uno-Puro · wall_segment Palisade Wall x1 |
| 21:18 | AxD | Keiokenkun-Uno-Puro · wall_segment Palisade Wall x1 |
| 21:19 | AxD | Keiokenkun-Uno-Puro · wall_segment Palisade Wall x1 |
| 21:49 | Taco_man · age_up castle |
| 22:40 | Taco_man · first_building Siege Workshop |
| 23:23 | AxD | Keiokenkun-Uno-Puro · wall_segment Palisade Wall x1 |
| 24:57 | AxD | Keiokenkun-Uno-Puro · age_up castle |
| 25:22 | AxD | Keiokenkun-Uno-Puro · resign |
[ AI ANALYSIS · 1 CREDIT ]
What really happened in this match?
Wolo.gg analyzes every decision: build order, eco, micro, common mistakes by bracket. Personalized analysis on WhatsApp or Discord in 30 seconds.
Civ guide
Koreans
Perfil
Jugador #6419082